Map: Lockdown LE

Players

cys

  • Race: Terran Terran
  • League: Diamond

evilbrood - Winner!

  • Race: Zerg Zerg
  • League: Diamond

VOD

Have the link to the VOD?

Description

Time

  • Played on: Sept. 10, 2026, 11:29 p.m.
  • Length: 4:41
Show
View Real Time Build Order
Export as new Build Order

cys Terran 

Build Orders: Reaper Expand 

Get SALT Encoding   

  8  0:03  SCV  
  9  0:15  SCV  
  10  0:27  SCV  
  11  0:31  Supply Depot  
  11  0:43  SCV  
  12  0:55  Barracks  
  12  1:06  Refinery  
  12  1:08  SCV  
  13  1:20  SCV  
  15  1:32  SCV  
  15  1:57  Reaper  
  16  2:01  Command Center  
  16  2:04  SCV  
  17  2:18  SCV  
  18  2:32  Orbital Command  
  18  2:40  Marine  
  19  2:47  Supply Depot  
  19  2:52  Factory  
  19  3:09  Barracks Reactor  
  19  3:14  SCV  
  19  3:15  SCV  
  19  3:17  Refinery  
  21  3:26  SCV  
  22  3:32  Orbital Command  
  22  3:35  Factory Tech Lab  
  22  3:44  Factory  
  22  3:46  SCV  
  23  3:58  SCV  
  24  4:06  SCV  
  25  4:16  SCV  
Show
View Real Time Build Order
Export as new Build Order

evilbrood Zerg - Winner!

Build Orders: 1 Base Baneling Bust, Pool First, Zergling Baneling 

Get SALT Encoding   

  8  0:00  Drone  
  9  0:11  Drone  
  10  0:16  Drone  
  11  0:21  Drone  
  12  0:30  Extractor  
  12  0:31  Drone  
  12  0:37  Extractor  
  12  0:38  Drone  
  13  0:57  Spawning Pool  
  12  1:06  Extractor  
  12  1:07  Drone  
  12  1:11  Overlord  
  13  1:36  Drone x3  
  16  1:44  Queen  
  18  1:51  Metabolic Boost  
  18  2:04  Overlord  
  18  2:07  Overlord  
  18  2:20  Drone  
  18  2:22  Baneling Nest  
  18  2:26  Zergling x2  
  18  2:28  Zergling x2  
  20  2:36  Zergling x2  
  21  2:46  Zergling x2  
  22  2:54  Zergling x2  
  22  2:57  Zergling x6  
  26  3:07  Zergling x2  
  27  3:18  Hatchery  
  26  3:25  Zergling x2  
  27  3:27  Zergling x2  
  28  3:44  Zergling x2  
  28  3:47  Zergling x2  
  30  3:57  Zergling x2  
  31  4:04  Baneling x4  
  31  4:05  Baneling x4  
  31  4:09  Zergling x2  
  32  4:16  Zergling x2  
  33  4:18  Zergling x2  
  33  4:19  Zergling x2  
Tags
 
Add a new tag
Caveats
  • Supply blocks, unpowered buildings, or Contaminate may cause inaccurate times.
  • Supply counts are checked every 10 seconds.